 Dungeon Crawl Stone Soup version 0.19-a0-970-g9a4211b (webtiles) character file.

5572 Gottschkopf the Thaumaturge (level 10, -1/45 HPs)
             Began as a Deep Elf Fire Elementalist on July 12, 2016.
             Was a Priest of Vehumet.
             Slain by an unseen horror (6 damage)
             ... on level 10 of the Dungeon on July 13, 2016.
             The game lasted 00:37:06 (9996 turns).

Gottschkopf the Thaumaturge (DEFE)                  Turns: 9996, Time: 00:37:07

Health: -1/45      AC: 10    Str:  4 (5)  XL:     10   Next: 44%
Magic:  34/34      EV: 14    Int: 23 (24) God:    Vehumet [***...]
Gold:   493        SH:  5    Dex: 12 (15) Spells: 7 memorised, 13 levels left

rFire  . . .     SeeInvis .     D - +2 short sword (curse)
rCold  . . .     Gourm    .     a - +0 robe
rNeg   . . .     Faith    +     J - +0 buckler
rPois  .         Spirit   .     l - +2 helmet
rElec  .         Dismiss  .     g - +2 cloak
rCorr  .         Reflect  .     (no gloves)
SustAt .         Harm     .     (no boots)
MR     +....                    s - amulet of faith
Stlth  +.........               G - ring of loudness (curse)
                                E - ring of magical power

@: somewhat resistant to hostile enchantments, very unstealthy
A: yellow scales 1, deterioration 2, frail 1, low mp 1, no device heal 1
a: Renounce Religion


You were on level 10 of the Dungeon.
You worshipped Vehumet.
Vehumet was most pleased with you.
You were not hungry.

You visited 1 branch of the dungeon, and saw 10 of its levels.

You collected 504 gold pieces.
You spent 11 gold pieces at shops.

Inventory:

Hand Weapons
 p - a +2 short sword of venom
 D - a cursed +2 short sword (weapon)
 N - a +1 flail of protection
Armour
 a - a +0 robe (worn)
 g - a +2 cloak (worn)
 l - a +2 helmet (worn)
 J - a +0 buckler (worn)
Jewellery
 q - an uncursed ring of protection from cold
 s - an amulet of faith (around neck)
 z - an uncursed ring of protection from fire
 E - a ring of magical power (left hand)
 F - an uncursed ring of positive energy
 G - a cursed ring of loudness (right hand)
 I - a +5 ring of protection
Wands
 i - a wand of flame (25/48)
 m - a wand of slowing (30/48)
 v - a wand of lightning (1/15)
 x - a wand of random effects (27/48)
 C - a wand of flame (20/48)
 K - a wand of iceblast (8/15)
 L - a wand of confusion (30/48)
Scrolls
 e - 5 scrolls of remove curse
 w - a scroll of amnesia
 A - a scroll of fog
 H - 3 scrolls of blinking
Potions
 f - 3 potions of magic
 h - a potion of curing
 o - a potion of ambrosia
 u - 2 potions of flight
 M - a potion of cancellation
Books
 b - a book of Flames

   Spells                             Type                      Level
   a - Flame Tongue                   Conjuration/Fire             1
   b - Throw Flame                    Conjuration/Fire             2
   c - Conjure Flame                  Conjuration/Fire             3
   d - Inner Flame                    Hexes/Fire                   3
   e - Sticky Flame                   Conjuration/Fire             4
   f - Fireball                       Conjuration/Fire             5
Comestibles
 c - 6 bread rations
 d - 13 fruits
 k - 3 slices of pizza
 n - 2 beef jerkies
 r - 4 meat rations
 t - 7 chunks of flesh
 B - 9 royal jellies


   Skills:
 - Level 4.4 Dodging
 - Level 2.4 Stealth
 + Level 7.1 Shields
 - Level 11.6 Spellcasting
 - Level 7.0 Conjurations
 - Level 8.0 Fire Magic


You had 13 spell levels left.
You knew the following spells:

 Your Spells              Type           Power        Failure   Level  Hunger
a - Flame Tongue          Conj/Fire      #####        1%          1    None
b - Throw Flame           Conj/Fire      #####.       1%          2    None
c - Conjure Flame         Conj/Fire      #####...     1%          3    None
d - Sticky Flame          Conj/Fire      #####...     1%          4    None
e - Fireball              Conj/Fire      #####.....   2%          5    ####...
f - Freeze                Ice            ##..         1%          1    None
g - Ignite Poison         Fire/Tmut/Pois ####....     1%          3    None


Dungeon Overview and Level Annotations

Branches:
Dungeon (10/15)            Temple (0/1) D:6
   Lair: D:8-11         Orc: D:9-12

Altars:
Ashenzari
Dithmenos
Elyvilon
Fedhas
Gozag
Hepliaklqana
Makhleb
Qazlal
Sif Muna
Trog
Uskayaw
Vehumet
Xom
Zin
The Shining One

Shops:
D:4 }   D:8 *   D:10 !


Innate Abilities, Weirdness & Mutations

You are partially covered in yellow scales. (AC +2)
Your body often deteriorates upon taking damage.
You are frail. (-10% HP)
Your magical capacity is low. (-10% MP)
Potions and wands are less effective at restoring your health.


Message History

You block the adder's attack.
Okay, then.
Unknown command.
Casting: Flame Tongue
Confirm with . or Enter, or press ? or * to list all spells.
Aiming: Flame Tongue
Press: ? - help, Shift-Dir - straight line, f - adder
Aim: an adder The flame tongue hits the adder.
You kill the adder!
Vehumet accepts your kill.
You feel your power returning. Something barely misses you. Something hits you.
Something hits you but does no damage. Something hits you!
Your body deteriorates!
You feel dopey. Something hits you!
* * * LOW HITPOINT WARNING * * *
Something completely misses you. Something hits you.
You die...

...........###................##.
.................................
............##................#..
............##................#..
............##................#..
............##................#..
............##....)############..
.[.........###.....# #..
#..........# ###@### #..
############ #.# ### #.# #.# #.#
#.# #.# #.#


There were no monsters in sight!

Vanquished Creatures
  The ghost of Azru the Basher, a novice OgAK of Lugonu (D:7)
  2 hill giants (D:10)
  A two-headed ogre (D:10)
  2 wyverns (D:10)
  A hippogriff (D:10)
  Menkaure (D:4)
  A soldier ant (D:8)
  An ice beast (D:10)
  A sky beast (D:4)
  2 wasps
  4 ogres
  A phantom (D:9)
  7 centaurs
  4 giant frogs
  A scorpion (D:10)
  3 wights (D:6)
  4 crimson imps
  5 orc priests
  3 jellies
  Crazy Yiuf (D:5)
  A hound (D:4)
  3 giant frog skeletons
  An iguana (D:10)
  Natasha (thrice) (D:4)
  9 orc wizards
  7 worker ants
  Robin (D:3)
  A worker ant zombie (D:10)
  11 adders
  8 gnolls
  2 oozes
  3 adder skeletons
  A dart slug (D:1)
  3 worms
  4 giant geckos
  45 orcs
  7 bats
  4 giant cockroaches
  18 goblins
  11 hobgoblins
  12 jackals
  6 quokkas
  3 giant newts
  11 kobolds
  A quokka skeleton (D:5)
  A quokka zombie (D:6)
  9 rats
232 creatures vanquished.

Vanquished Creatures (others)
  A plant (D:7)
1 creature vanquished.

Grand Total: 233 creatures vanquished

Notes
Turn   | Place    | Note
-------+----------+-------------------------------------------
     0 | D:1      | Gottschkopf the Deep Elf Fire Elementalist began the quest for the Orb.
     0 | D:1      | Reached XP level 1. HP: 10/10 MP: 6/6
   322 | D:1      | Reached XP level 2. HP: 12/15 MP: 1/8
   523 | D:1      | Reached skill level 4 in Spellcasting
   666 | D:1      | Learned a level 2 spell: Throw Flame
   936 | D:1      | Reached XP level 3. HP: 19/19 MP: 7/11
   942 | D:1      | Learned a level 3 spell: Conjure Flame
  1003 | D:1      | Reached skill level 5 in Spellcasting
  1575 | D:2      | Reached XP level 4. HP: 24/24 MP: 2/13
  1587 | D:2      | Reached skill level 6 in Spellcasting
  1605 | D:2      | Learned a level 4 spell: Sticky Flame
  2180 | D:2      | Reached XP level 5. HP: 25/28 MP: 11/15
  2235 | D:2      | Learned a level 5 spell: Fireball
  2720 | D:3      | Noticed Robin
  2805 | D:3      | Killed Robin
  2813 | D:3      | Upgraded the game from 0.19-a0-965-g50bf062 to 0.19-a0-970-g9a4211b
  2977 | D:3      | Found a faded altar of an unknown god.
  3178 | D:3      | Found an opulent altar of Gozag.
  3446 | D:4      | Noticed an ogre
  3452 | D:4      | Killed an ogre
  3452 | D:4      | Reached skill level 5 in Conjurations
  3452 | D:4      | Reached XP level 6. HP: 32/32 MP: 6/17
  3463 | D:4      | Found Jiarph's Gadget Boutique.
  3470 | D:4      | Noticed Menkaure
  3520 | D:4      | Noticed a sky beast
  3531 | D:4      | Killed a sky beast
  3538 | D:4      | Gained mutation: Potions and wands are less effective at restoring your health. [mutagenic meat]
  3541 | D:4      | Gained mutation: Your body sometimes deteriorates upon taking damage. [mutagenic meat]
  3544 | D:4      | Gained mutation: You are frail. (-10% HP) [mutagenic meat]
  3550 | D:4      | Gained mutation: Your body often deteriorates upon taking damage. [mutagenic meat]
  3667 | D:4      | Killed Menkaure
  3667 | D:4      | Reached XP level 7. HP: 31/32 MP: 15/18
  3760 | D:4      | Found a stormy altar of Qazlal.
  3761 | D:4      | Found a blossoming altar of Fedhas.
  3816 | D:4      | Noticed Natasha
  3822 | D:4      | Killed Natasha
  4222 | D:4      | Reached skill level 5 in Fire Magic
  4307 | D:4      | Found a burning altar of Makhleb.
  4308 | D:4      | Found a radiant altar of Vehumet.
  4318 | D:4      | Became a worshipper of Vehumet
  4520 | D:4      | Noticed Natasha
  4573 | D:4      | Killed Natasha
  4604 | D:5      | Entered Level 5 of the Dungeon
  4938 | D:5      | Found a runed door.
  5015 | D:5      | Noticed Crazy Yiuf
  5017 | D:5      | Killed Crazy Yiuf
  5017 | D:5      | Reached XP level 8. HP: 36/36 MP: 16/19
  5559 | D:6      | Reached * piety under Vehumet
  5559 | D:6      | Offered knowledge of Freeze by Vehumet.
  5562 | D:6      | Learned a level 1 spell: Freeze
  6161 | D:5      | Found a glowing silver altar of Zin.
  6220 | D:4      | Found a shadowy altar of Dithmenos.
  6377 | D:4      | Found a white marble altar of Elyvilon.
  6377 | D:4      | Found a glowing silver altar of Zin.
  6377 | D:4      | Found a glowing golden altar of the Shining One.
  6550 | D:4      | Noticed Natasha
  6554 | D:4      | Killed Natasha
  6831 | D:6      | Reached skill level 7 in Spellcasting
  6939 | D:6      | Found a staircase to the Ecumenical Temple.
  7010 | D:6      | Reached skill level 8 in Spellcasting
  7219 | D:6      | Offered knowledge of Sandblast by Vehumet.
  7530 | D:7      | Reached ** piety under Vehumet
  7596 | D:7      | Reached skill level 9 in Spellcasting
  7698 | D:7      | Found a shimmering altar of Xom.
  7706 | D:7      | Reached XP level 9. HP: 20/40 MP: 24/24
  7888 | D:7      | Reached skill level 10 in Spellcasting
  7956 | D:7      | Noticed Azru's ghost (novice OgAK)
  7973 | D:7      | Killed Azru's ghost
  7973 | D:7      | Reached skill level 11 in Spellcasting
  8087 | D:8      | Found a burning altar of Makhleb.
  8118 | D:8      | Found Atzufogh's Blasphemy Boutique.
  8276 | D:8      | Found a hide-covered altar of Uskayaw.
  8277 | D:8      | Found a bloodstained altar of Trog.
  8560 | D:8      | Reached skill level 1 in Shields
  8884 | D:8      | Offered knowledge of Ignite Poison by Vehumet.
  8951 | D:8      | Learned a level 3 spell: Ignite Poison
  9009 | D:8      | Found a hazy altar of Hepliaklqana.
  9010 | D:8      | Found a deep blue altar of Sif Muna.
  9025 | D:8      | Found a shattered altar of Ashenzari.
  9082 | D:10     | Entered Level 10 of the Dungeon
  9255 | D:10     | Found Imisoew's Distillery.
  9263 | D:10     | Reached *** piety under Vehumet
  9273 | D:10     | Bought a potion of degeneration for 11 gold pieces
  9346 | D:10     | Gained mutation: You are partially covered in yellow scales. (AC +2) [potion of mutation]
  9346 | D:10     | Gained mutation: Your magical capacity is low. (-10% MP) [potion of mutation]
  9357 | D:10     | Reached XP level 10. HP: 45/45 MP: 25/25
  9365 | D:10     | Reached skill level 5 in Shields
  9367 | D:10     | Noticed a hill giant
  9379 | D:10     | Killed a hill giant
  9581 | D:10     | Noticed a hill giant
  9732 | D:10     | Killed a hill giant
  9889 | D:10     | Offered knowledge of Airstrike by Vehumet.
  9948 | D:10     | Found a runed door.
  9948 | D:10     | Noticed a flayed ghost
  9948 | D:10     | Noticed a flayed ghost
  9948 | D:10     | Noticed a stone giant
  9950 | D:10     | Noticed a deep elf mage
  9950 | D:10     | Noticed an ettin
  9950 | D:10     | Noticed a fire dragon
  9950 | D:10     | Noticed a harpy
  9950 | D:10     | Noticed a great orb of eyes
  9996 | D:10     | Slain by an unseen horror

Vault maps used:
D:1:      evilmike_arrival_hilbert_curve, minmay_tall_x
D:2:      minivault_24
D:3:      grunt_gozag_statues, first_bread, ecumenical_altar_2, uniq_robin
D:4:      grunt_temple_overflow_lords_of_destruction, good_gods_mini_temple,
          grunt_temple_overflow_forces_of_nature, serial_shops,
          nicolae_shop_temple_entry_statues_fountains,
          nicolae_dithmenos_the_darkroom, uniq_menkaure, uniq_natasha
D:5:      basic_altar, uniq_crazy_yiuf_cottage
D:7:      lemuel_castle_with_subvaults, kennysheep_mini_moat
D:8:      kennysheep_blocky_hall, minitemple, grunt_temple_overflow_open,
          hangedman_pestilent_swarm, nicolae_evil_shop
D:9:      lemuel_round_altar, hiddenorc1_lemuel, uniq_erolcha, uniq_psyche
D:10:     minmay_gate_of_8, serial_shops, nicolae_shop_trees

Skill      XL: |  1  2  3  4  5  6  7  8  9 10 |
---------------+-------------------------------+-----
Spellcasting   | 4 5 6 9 11 | 11.6
Conjurations   | 3 5 7 |  7.0
Fire Magic     | 6 8 |  8.0
Dodging        | 4 |  4.4
Shields        | 4 7 |  7.1
Stealth        | |  2.4

Action                   |  1- 3 |  4- 6 |  7- 9 | 10-12 || total
-------------------------+-------+-------+-------+-------++-------
Melee: Dagger            |     5 |       |       |       ||     5
       Short sword       |       |    15 |    60 |     3 ||    78
 Cast: Flame Tongue      |    72 |    91 |   283 |    44 ||   490
       Throw Flame       |       |    10 |    28 |     8 ||    46
       Sticky Flame      |       |     1 |     9 |     2 ||    12
       Freeze            |       |       |    21 |       ||    21
       Fireball          |       |       |     9 |     5 ||    14
  Use: Scroll            |     6 |     2 |     5 |     3 ||    16
       Potion            |       |       |     9 |     2 ||    11
 Stab: Sleeping          |       |       |     2 |       ||     2
  Eat: Chunk             |     2 |    12 |    18 |     3 ||    35
Armor: Robe              |    12 |    11 |    78 |    10 ||   111
Dodge: Dodged            |    16 |    21 |   112 |    14 ||   163
Block: Buckler           |       |       |     6 |    10 ||    16
